 Dungeon Crawl Stone Soup version 0.31-b1-22-gc680215f68 (webtiles) character file.

Game seed: 17962621737196290114

3680 Djon the Severer (level 10, 0/77 HPs)
             Began as a Hill Orc Fighter on Jan 18, 2024.
             Was a Priest of Beogh.
             Slain by a wyvern (14 damage)
             ... on level 8 of the Dungeon.
             The game lasted 00:08:26 (7570 turns).

Djon the Severer (Hill Orc Fighter)                 Turns: 7570, Time: 00:08:27

Health: 0/77       AC: 14    Str: 20    XL:     10   Next: 13%
Magic:  17/17      EV:  7    Int: 12    God:    Beogh [***...]
Gold:   337        SH:  4    Dex: 10    Spells: 9/9 levels left

rFire   . . .        u - +3 war axe
rCold   . . .        c - +0 buckler
rNeg    . . .        k - +5 chain mail of Ravioli {SInv}
rPois   .            (no helmet)
rElec   .            (no cloak)
rCorr   .            (no gloves)
SInv    +            (no boots)
Will    .....        (no amulet) Stlth
                     (no ring)
HPRegen 0.32/turn    (no ring)
MPRegen 0.15/turn

%: no passive effects
@: no status effects
A: no striking features
a: Renounce Religion, Smiting


You were on level 8 of the Dungeon.
You worshipped Beogh.
Beogh was most pleased with you.
You visited 1 branch of the dungeon, and saw 8 of its levels.

You collected 337 gold pieces.

Inventory:

Hand Weapons
 b - a +2 trident of protection
 u - a +3 war axe (weapon)
 y - a +2 trident of venom
Armour
 c - a +0 buckler (worn)
 k - the +5 chain mail of Ravioli (worn) {SInv}
   (You found it on level 2 of the Dungeon)

   SInv:      It lets you see invisible.
Jewellery
 o - a ring of fire
Wands
 w - a wand of light (2)
Scrolls
 e - 3 scrolls of amnesia {unknown}
 f - 5 scrolls of identify {unknown}
 g - 2 scrolls of immolation {unknown}
 i - 3 scrolls of teleportation {unknown}
 j - a scroll of vulnerability {unknown}
 l - 7 scrolls of enchant armour {unknown}
 v - a scroll of fog {unknown}
 x - a scroll of blinking {unknown}
Potions
 a - a potion of curing {unknown}
 d - 3 potions of lignification
 h - 3 potions of haste {unknown}
 m - a potion of heal wounds {unknown}
 n - a potion of enlightenment {unknown}
 p - a potion of resistance {unknown}
 q - 2 potions of magic {unknown}
 r - 2 potions of attraction {unknown}
 s - a potion of might
 t - a potion of mutation {unknown}


   Skills:
 - Level 3.6 Fighting
 * Level 15.4 Axes
 - Level 3.2 Armour
 - Level 3.2 Shields
 + Level 10.0 Invocations


You had 9 spell levels left.
You didn't know any spells.
Your spell library contained the following spells:

 Spells                   Type           Power      Damage    Failure   Level
 Ensorcelled Hibernation  Hex/Ice        0%         N/A       99%         2
 Mercury Vapours          Alch/Air       0%         N/A       99%         2
 Passwall                 Erth           0%         N/A       100%        3
 Summon Ice Beast         Ice/Summ       0%         N/A       100%        3
 Swiftness                Air            0%         N/A       100%        3
 Tukima's Dance           Hex            0%         N/A       100%        3
 Animate Dead             Necr           0%         N/A       100%        4
 Dimensional Bullseye     Hex/Tloc       0%         N/A       100%        4
 Iskenderun's Mystic Bla  Conj/Tloc      0%         2d3       100%        4
 Borgnjor's Vile Clutch   Necr/Erth      0%         N/A       100%        5
 Summon Mana Viper        Hex/Summ       0%         N/A       100%        5
 Death Channel            Necr           0%         N/A       100%        6
 Plasma Beam              Fire/Air       0%         2x1d10    100%        6
 Monstrous Menagerie      Summ           0%         N/A       100%        7
 Ozocubu's Refrigeration  Ice            0%         4d7       100%        7


Dungeon Overview and Level Annotations

Branches:
Dungeon (8/15)             Temple (0/1) D:6
   Lair: D:8-11

Altars:
Ashenzari
Elyvilon
Gozag
Kikubaaqudgha
Qazlal
Sif Muna
Wu Jian
Xom
The Shining One

Shops:
D:4 =

Annotations:
D:6 1 runed translucent door, Kazon's ghost, novice OpSh


Message History

The gnoll hits your orc wizard with a +0 whip!
You shred the net and break free!
Your orc wizard hits the wyvern with a +0 dagger.
The wyvern bites your orc wizard!
Your orc wizard dies!
The gnoll throws a throwing net.
The throwing net hits you.
You become entangled in the net!
The wyvern hisses angrily.
You struggle against the net.
The gnoll bouda barks out a call to the hunt!
You hear a shout!
You struggle against the net.
The wyvern barely misses you. The wyvern bites you!
The gnoll hits you but does no damage.
You struggle against the net.
The wyvern bites you. The gnoll hits you but does no damage.
You struggle against the net.
The wyvern bites you.
The wyvern bites you but does no damage.
A gnoll comes into view. It is wielding a +0 spear.
The gnoll hits you but does no damage.
You rip the net and break free!
The wyvern barely misses you.
The gnoll throws a throwing net.
The throwing net hits you.
You become entangled in the net!
The gnoll hits you with a +0 whip.
You tear a large gash into the net.
The wyvern bites you but does no damage.
The wyvern barely misses you. The gnoll barely misses you.
You shred the net and break free!
The wyvern bites you but does no damage.
The gnoll hits you but does no damage.
The gnoll throws a throwing net.
The throwing net hits you.
You become entangled in the net!
You tear a large gash into the net.
The wyvern completely misses you. The wyvern bites you.
The gnoll barely misses you.
You struggle against the net.
The gnoll is no longer moving quickly. x3
The wyvern bites you!
* * * LOW HITPOINT WARNING * * *
The gnoll hits you but does no damage.
You rip the net and break free!
The wyvern bites you.
* * * LOW HITPOINT WARNING * * *
The gnoll throws a throwing net.
The throwing net completely misses you. The wyvern bites you!
You die...

## .# ... ####.##.#
#.....##.#.....#
#...............
.....#.......#.### .
.....#.......#.#.# h..
.......##.....(..##.≈g.#
................@...≈g#
##........###)#)gk..≈g#
.#........##).##....≈g.#
##.##.....#...###.).≈g^.
)..............# ##.≈...
........#......##.#.≈...
.)†....###......... ≈≈..
.....#.####.....#....≈≈.
...)...#.##.....#.....≈≈


You could see a wyvern, a gnoll bouda, a hound and 5 gnolls.

Vanquished Creatures
  Pikel (D:7)
  A hornet (D:7)
  4 yaks
  A steam dragon (D:8)
  Edmund (D:5)
  An orc warrior (D:7)
  An ice beast (D:6)
  A sky beast (D:7)
  An ogre (D:6)
  4 centaurs
  2 phantoms
  A bullfrog (D:6)
  2 gnoll sergeants (D:8)
  5 wights (D:6)
  2 electric eels (D:6)
  A bombardier beetle (D:5)
  8 orc priests
  4 hounds
  Jessica (D:2)
  2 iguanas
  7 orc wizards
  8 gnolls (D:8)
  6 adders
  A shadow imp (D:7)
  2 ribbon worms (D:2)
  4 dart slugs
  32 orcs
  5 ball pythons
  4 endoplasms
  3 giant cockroaches
  10 goblins
  4 hobgoblins
  7 kobolds
  5 quokkas
  7 bats
  4 frilled lizards
  6 rats
  A spectral kobold (D:3)
160 creatures vanquished.

Vanquished Creatures (others)
  An orc wizard (D:8)
  A gnoll (D:8)
  3 orcs (D:8)
5 creatures vanquished.

Grand Total: 165 creatures vanquished

Notes
Turn   | Place    | Note
-------+----------+-------------------------------------------
     0 | D:1      | Djon the Hill Orc Fighter began the quest for the Orb.
     0 | D:1      | Reached XP level 1. HP: 19/19 MP: 1/1
    39 | D:1      | Reached skill level 3 in Axes
    81 | D:1      | Reached XP level 2. HP: 25/26 MP: 2/2
   117 | D:1      | Reached skill level 4 in Axes
   362 | D:3      | Reached XP level 3. HP: 30/31 MP: 3/3
   499 | D:4      | Found Batih's Jewellery Emporium.
   592 | D:4      | Reached skill level 5 in Axes
   622 | D:4      | Reached XP level 4. HP: 39/39 MP: 4/4
   938 | D:5      | Entered Level 5 of the Dungeon
   962 | D:5      | Became a worshipper of Beogh the Brigand
  1007 | D:3      | Found a faded altar of an unknown god.
  1020 | D:3      | Found an opulent altar of Gozag.
  1027 | D:3      | Reached skill level 6 in Axes
  1032 | D:3      | HP: 1/39 [something/magic dart (7)]
  1051 | D:3      | Reached XP level 5. HP: 7/45 MP: 5/5
  1260 | D:3      | Reached skill level 7 in Axes
  1883 | D:2      | Reached * piety under Beogh
  1901 | D:2      | Identified the +5 chain mail of Ravioli {SInv}
  1949 | D:2      | Noticed Jessica
  1955 | D:2      | Reached skill level 1 in Invocations
  1961 | D:2      | Killed Jessica
  2133 | D:2      | Reached XP level 6. HP: 47/51 MP: 7/7
  3301 | D:5      | Reached skill level 8 in Axes
  3543 | D:5      | Found a shimmering blue altar of Sif Muna.
  3607 | D:5      | Reached ** piety under Beogh
  3610 | D:5      | Reached XP level 7. HP: 57/57 MP: 9/9
  3651 | D:5      | Reached skill level 9 in Axes
  3936 | D:5      | Got the Compendium of the Frog
  4184 | D:6      | Found an ancient bone altar of Kikubaaqudgha.
  4184 | D:6      | Found a stormy altar of Qazlal.
  4229 | D:6      | Found a glowing golden altar of the Shining One.
  4282 | D:6      | Reached skill level 10 in Axes
  4282 | D:6      | Reached skill level 5 in Invocations
  4509 | D:6      | Found a white marble altar of Elyvilon.
  4522 | D:6      | Found a staircase to the Ecumenical Temple.
  4537 | D:6      | Reached XP level 8. HP: 41/64 MP: 11/11
  4639 | D:6      | Noticed a yak
  4639 | D:6      | Noticed a yak
  4639 | D:6      | Noticed Edmund
  4640 | D:6      | Noticed a yak
  4640 | D:6      | Noticed a yak
  4652 | D:5      | Killed a yak
  4741 | D:5      | Killed a yak
  4742 | D:5      | Reached skill level 11 in Axes
  4820 | D:5      | Killed Edmund
  4923 | D:6      | Killed a yak
  4924 | D:6      | Reached skill level 12 in Axes
  4929 | D:6      | Killed a yak
  5104 | D:6      | Reached XP level 9. HP: 65/70 MP: 14/14
  5317 | D:6      | Found a broken altar of Ashenzari.
  5318 | D:6      | Found a shimmering altar of Xom.
  5327 | D:6      | Reached skill level 13 in Axes
  5732 | D:6      | Found a runed translucent door.
  5733 | D:6      | Noticed Kazon's ghost (novice OpSh)
  6033 | D:7      | Noticed a hornet
  6040 | D:7      | Killed a hornet
  6397 | D:7      | Reached skill level 14 in Axes
  6805 | D:7      | Noticed Pikel
  6814 | D:7      | Killed Pikel
  6861 | D:7      | Found an ornate altar of the Wu Jian Council.
  7064 | D:8      | Reached skill level 15 in Axes
  7064 | D:8      | Reached XP level 10. HP: 47/77 MP: 17/17
  7224 | D:8      | Reached *** piety under Beogh
  7360 | D:8      | Reached skill level 10 in Invocations
  7570 | D:8      | Slain by a wyvern

Illustrated notes

Levels and vault maps discovered:
D:1:      saegor_arrival_simple_b, layout_loops_cross, minmay_pentomino_t4
D:2:      minmay_angry_zag, layout_rooms, minmay_misc_feat_columns,
          chequers_mini_garden, minivault_25, uniq_jessica
D:3:      layout_basic, nicolae_gozag_seed_capital,
          dreamdust_ecumenical_altar_drowned_temple
D:4:      layout_layer_cave, serial_shops, nicolae_shop_peninsula
D:5:      layout_loops_ring, mainiacjoe_overflow_alcove_4
D:6:      layout_basic, lemuel_doored_altar, lemuel_crystal_altar,
          mainiacjoe_overflow_catwalk_spiral, nicolae_overflow_squiral,
          temple_statues, gammafunk_ghost_grave, minmay_misc_feat_enclosed,
          chequers_garden, uniq_edmund
D:7:      layout_loops_corners, mainiacjoe_overflow_alcove_1, uniq_pikel
D:8:      layout_cave_pools, serial_gnoll_camp, gnoll_camp_mini_basic,
          gnoll_camp_mini_loothouse, gnoll_camp_mini_hut, gnoll_camp_huts_moat,
          chequers_serial_rivers_small_b

Skill      XL: |  1  2  3  4  5  6  7  8  9 10 |
---------------+-------------------------------+-----
Axes           | 3 4 5 6 7 8 10 12 15 | 15.4
Invocations    | 1 3 5 7 9 10 | 10.0
Fighting       | |  3.6
Armour         | |  3.2
Shields        | |  3.2

Action                     |  1- 3 |  4- 6 |  7- 9 | 10-12 || total
---------------------------+-------+-------+-------+-------++-------
  Melee: War axe           |    57 |   226 |   259 |    63 ||   605
 Invoke: Convert to Beogh  |       |     1 |       |       ||     1
    Use: Potion            |       |     2 |       |       ||     2
 Armour: Scale mail        |    34 |    66 |       |       ||   100
         Skin              |       |    14 |       |       ||    14
         Chain mail        |       |    84 |   175 |    75 ||   334
  Dodge: Dodged            |    36 |    84 |    59 |    22 ||   201
  Block: Buckler           |    17 |    43 |    37 |     7 ||   104
